Cogmind - Beta 15 @@@ ROGUE MODE // 2025.07.01 @ 20:53:09 Player: Nilson Result: Destroyed by as-72607 with Assembled F-torch Performance ------------- Evolutions (1) 500 Regions Visited (3) 600 Robots Destroyed (18) 90 Value Destroyed (351) 351 Prototype IDs (1) 20 Alien Tech Used (0) 0 Bonus (0) 0 TOTAL SCORE: 1561 Bonus ------- None Cogmind --------- Core Integrity 0/400 Matter 211/300 Energy 100/100 System Corruption 7% Temperature Cool (20) Movement Core (350) Ox6 Location -9/Mines Parts ------- > --- POWER (1) -------- (None) > --- PROPULSION (3) --- (None) > --- UTILITY (3) ------ Large Storage Unit Utility Shielding > --- WEAPON (2) ------- (None) > --- INVENTORY (15) --- Wheel Compact Wheel Small Storage Unit Assault Rifle Improved Assault Rifle Rocket Launcher Rocket Launcher Peak State ------------ > --- POWER ------------ Improved Ion Engine > --- PROPULSION ------- Wheel Wheel Compact Wheel > --- UTILITY ---------- Large Storage Unit Utility Shielding Light Armor Plating > --- WEAPON ----------- Heavy Assault Rifle Improved Assault Rifle > --- INVENTORY -------- Ion Engine Compact Wheel Small Storage Unit Assault Rifle Improved Assault Rifle Improved Assault Rifle Light Cannon Rocket Launcher [Rating: 14] Favorites ----------- Power Light Ion Engine Engine Light Ion Engine Propulsion Wheel Treads Light Treads Wheel Wheel Utility Utility Shielding Storage Large Storage Unit Protection Utility Shielding Weapon Light Cannon Ballistic Gun Assault Rifle Ballistic Cannon Light Cannon Launcher Rocket Launcher Build | -11 -10 -9 -9 ------- Run | Yrd Mat Mat Min Slots Evolved 2 | . . 2 . Power . | . . . . Propulsion 1 | . . 1 . Utility 1 | . . 1 . Weapon . | . . . . Parts Attached 18 | 7 4 7 . Power 3 | 1 1 1 . Engine 3 | 1 1 1 . Core . | . . . . Reactor . | . . . . Propulsion 5 | 3 . 2 . Treads 1 | 1 . . . Leg . | . . . . Wheel 4 | 2 . 2 . Hover . | . . . . Flight . | . . . . Utility 4 | 1 2 1 . Device . | . . . . Storage 2 | 1 1 . . Processor . | . . . . Hackware . | . . . . Protection 2 | . 1 1 . Artifact . | . . . . Weapon 6 | 2 1 3 . Energy Gun . | . . . . Energy Cannon . | . . . . Ballistic Gun 4 | 2 . 2 . Ballistic Cannon 1 | . 1 . . Launcher 1 | . . 1 . Special Weapon . | . . . . Impact Weapon . | . . . . Slashing Weapon . | . . . . Piercing Weapon . | . . . . Special Melee Weapon . | . . . . Unidentified Prototypes 1 | . . 1 . Parts Lost 7 | . . 1 6 Power 1 | . . . 1 Propulsion 3 | . . . 3 Utility 1 | . . 1 . Weapon 2 | . . . 2 Highest Loss Streak 6 | . . 1 6 To Critical Strikes . | . . . . Average Backups 4 | . 4 6 7 Power 1 | . 1 1 . Propulsion 1 | . 1 1 2 Utility . | . . 1 1 Weapon 1 | . . 2 4 Tool/Special . | . . . . Unused Backups 8 | . . 5 3 Power 2 | . . 2 . Propulsion 2 | . . . 2 Utility . | . . . . Weapon 4 | . . 3 1 Tool/Special . | . . . . Average Slot Usage (%) 94 | . 97 97 66 Engine 11 | . 14 11 8 Wheel 30 | . 28 33 19 Storage 11 | . 14 11 11 Protection 16 | . 11 20 11 Ballistic Gun 12 | . 15 12 6 Ballistic Cannon 9 | . 12 7 8 Peak Build Rating 14 | 6 7 14 10 Average Rating 8 | 3 6 10 7 On Entrance 5 | . 6 7 10 Naked Turns . | . . . . Heaviest Build 38 | 12 31 38 32 Greatest Support 36 | 20 20 36 36 Greatest Overweight (x) 9 | . 1 1 9 Average Overweight (x) . | . . . . Largest Inventory Capacity 15 | 8 15 15 15 Average Capacity 12 | 6 8 15 15 Most Carried 9 | 3 7 9 7 Average Carried 5 | . 4 6 7 Final Capacity 15 | 8 15 15 15 Final Carried 7 | 3 6 7 7 Class Distribution -------------------- 100% | Mutant Dominant Class ---------------- Mutant | -10/Materials Mutant | -9/Materials Mutant | -9/Mines Resources | -11 -10 -9 -9 ----------- Run | Yrd Mat Mat Min Matter Collected 585 | 219 153 213 . Remotely . | . . . . Salvage Created 486 | 53 215 218 . Parts 39 | 3 7 29 . Haulers Intercepted . | . . . . Recyclers Shooed . | . . . . Parts Field Recycled . | . . . . Retrieved Matter . | . . . . Parts Self-Destructed . | . . . . Prevented . | . . . . Kills | -11 -10 -9 -9 ------- Run | Yrd Mat Mat Min Combat Hostiles Destroyed 13 | . 3 10 . Guns 7 | . 3 4 . Cannons 1 | . . 1 . AOE 5 | . . 5 . Classes Destroyed 6 | 1 2 3 . Builder 1 | . . 1 . Recycler 3 | 1 2 . . Watcher 1 | . . 1 . Swarmer 8 | . 2 6 . Grunt 3 | . 1 2 . Sentry 2 | . . 2 . Best Kill Streak 10 | 1 5 10 . Combat Bots Only 8 | . 3 8 . Max Kills in Single Turn 4 | 1 1 4 . Gunslinging . | . . . . Exploded 2 | . . 2 . Melee . | . . . . Uniques/NPCs Destroyed . | . . . . Combat | -11 -10 -9 -9 -------- Run | Yrd Mat Mat Min Hostile Shots Fired 100 | . 12 61 27 Missed 25 | . 2 19 4 Hits 75 | . 10 42 23 Melee 12 | . . . 12 Projectile 63 | . 10 42 11 Damage Taken 1100 | . 99 518 483 Core 428 | . 24 135 269 Absorbed by Shields . | . . . . Redirected to Shielding 6 | . . . 6 Regen/Repaired (Parts) 32 | . . 32 . Core Remaining (%) 95 | 100 90 . . Volleys Fired 37 | 2 11 21 3 Largest 2 | 2 2 2 2 Hottest 56 | 40 50 56 53 Shots Fired 74 | 4 22 42 6 Gun 39 | 4 11 21 3 Cannon 29 | . 11 15 3 Launcher 6 | . . 6 . Special . | . . . . Kinetic 68 | 4 22 36 6 Thermal . | . . . . Explosive 6 | . . 6 . Electromagnetic . | . . . . Robot Hit Streak 10 | 4 3 10 1 Robot Miss Streak 9 | . 3 9 6 Penetration Max . | . . . . Secondary Targets . | . . . . Shots Hit Robots 35 | 4 8 22 1 Core Hits 27 | 2 6 18 1 Critical Kills . | . . . . Critical Parts Destroyed 1 | . 1 . . Critical Strikes 2 | . 1 1 . Destroy 1 | . 1 . . Blast 1 | . . 1 . Melee Attacks . | . . . . Impact . | . . . . Slashing . | . . . . Piercing . | . . . . Sneak Attacks . | . . . . Combat Hostiles . | . . . . Follow-up Attacks . | . . . . Damage Inflicted 1033 | 47 176 777 33 Guns 333 | 47 89 197 . Cannons 265 | . 87 145 33 Explosions 435 | . . 435 . Melee . | . . . . Ramming . | . . . . Kinetic 598 | 47 176 342 33 Thermal . | . . . . Explosive 435 | . . 435 . Electromagnetic . | . . . . Impact . | . . . . Slashing . | . . . . Piercing . | . . . . Highest Corruption 7 | . . 1 7 Average Corruption 1 | . . 1 3 Corruption Purged . | . . . . Corruption Blocked . | . . . . Effects 2 | . . 1 1 Heat Flow Errors 1 | . . . 1 Parts Rejected 1 | . . 1 . Overload Shots . | . . . . Overflow Damage 22 | . 10 12 . Projectiles 10 | . 10 . . Explosions 12 | . . 12 . Melee . | . . . . Knockbacks 4 | . 2 1 1 Impact . | . . . . Kinetic 4 | . 2 1 1 Secondary . | . . . . Self-Inflicted Damage 85 | . . 85 . Shots 4 | . . 4 . Rammed . | . . . . Targets Rammed . | . . . . Kicked . | . . . . Crushed . | . . . . Highest Temperature 152 | . 2 9 152 Average Temperature 33 | . 2 3 80 Received Heat Transfer 367 | . 36 111 220 Siege Activations . | . . . . Martial Activations . | . . . . Shielding Activations . | . . . . Robots Disrupted . | . . . . Combat Hostiles . | . . . . Robots Corrupted . | . . . . Combat Hostiles . | . . . . Parts Fried . | . . . . Impact Corruptions . | . . . . Robots Melted . | . . . . Combat Hostiles . | . . . . Parts Melted . | . . . . Heat Transferred . | . . . . Parts Sabotaged . | . . . . Parts Stolen . | . . . . Parts Stripped . | . . . . Power Chain Reactions . | . . . . Alert | -11 -10 -9 -9 ------- Run | Yrd Mat Mat Min Maximum Alert Level 1 | . . 1 . Low Security (%) 86 | 100 100 74 100 Level 1 13 | . . 25 . Level 2 . | . . . . Level 3 . | . . . . Level 4 . | . . . . Level 5 . | . . . . High Security . | . . . . Max Security . | . . . . Peak Influence 279 | 5 72 279 88 Initial 88 | . . 13 88 Average 53 | . 29 77 62 Influence Increases 427 | 5 82 340 . Destroy 0b10 Robot/C 260 | . 60 200 . Destroy 0b10 Robot/NC 25 | 5 10 10 . Destroy Leader 52 | . 10 42 . Successful Hack 1 | . 1 . . Disable Machine 60 | . . 60 . Destroy Structure 29 | . 1 28 . Influence Decreases 409 | 5 50 143 211 Entered New Map 160 | . . 19 141 Time Decay 179 | 5 50 114 10 Lost Part 70 | . . 10 60 Squads Dispatched 3 | . 1 2 . Investigation . | . . . . Extermination . | . . . . Reinforcement 3 | . 1 2 . Assault . | . . . . Garrison . | . . . . Intercept . | . . . . Searches Triggered . | . . . . Construction Impeded . | . . . . Haulers Reinforced . | . . . . Active Scanning Responses . | . . . . Cargo Convoy Interrupts . | . . . . Stealth | -11 -10 -9 -9 --------- Run | Yrd Mat Mat Min Distress Signals 3 | . 2 1 . Communications Jammed . | . . . . Distress Signals . | . . . . Times Spotted 33 | . 8 18 7 Peak Tracking Total 7 | . 6 6 7 Tactical Retreats 1 | . . . 1 Traps | -11 -10 -9 -9 ------- Run | Yrd Mat Mat Min Traps Triggered . | . . . . Indirectly . | . . . . Trap Hack Attempts . | . . . . Triggered . | . . . . Disarmed . | . . . . Reprogrammed . | . . . . Reused . | . . . . Traps Extracted . | . . . . Installed . | . . . . Triggered . | . . . . Machines | -11 -10 -9 -9 ---------- Run | Yrd Mat Mat Min Machines Disabled 4 | . . 4 . Max in Single Turn 2 | . . 2 . Machines Repaired . | . . . . Machines Dismantled . | . . . . Machines Sabotaged . | . . . . Overloaded Fab Kills . | . . . . Hacking | -11 -10 -9 -9 --------- Run | Yrd Mat Mat Min Machines Accessed 2 | . 1 1 . Terminals . | . . . . Fabricators . | . . . . Repair Stations 1 | . . 1 . Recycling Units 1 | . 1 . . Scanalyzers . | . . . . Garrison Access . | . . . . Total Hacks 7 | . 5 2 . Successful 6 | . 4 2 . Failed 1 | . 1 . . Catastrophic . | . . . . Database Lockouts . | . . . . Manual . | . . . . Terminals . | . . . . Fabricators . | . . . . Repair Stations 2 | . . 2 . Recycling Units 5 | . 5 . . Scanalyzers . | . . . . Garrison Access . | . . . . Terminal Hacks . | . . . . Fabricator Hacks . | . . . . Repair Station Hacks 2 | . . 2 . Scan Component 1 | . . 1 . Repair 1 | . . 1 . Recycling Unit Hacks 4 | . 4 . . Recycle Component 2 | . 2 . . Process 1 | . 1 . . Report Inventory 1 | . 1 . . Scanalyzer . | . . . . Garrison Access Hacks . | . . . . Unauthorized Hacks . | . . . . Terminals . | . . . . Fabricators . | . . . . Repair Stations . | . . . . Recycling Units . | . . . . Scanalyzers . | . . . . Garrison Access . | . . . . Data Cores Recovered . | . . . . Used . | . . . . Hacking Detections 1 | . 1 . . Full Trace Events . | . . . . Feedback Events . | . . . . Feedback Blocked . | . . . . Robot Schematics Acquired . | . . . . Robots Built . | . . . . Authchips . | . . . . Time . | . . . . Total Robot Build Rating . | . . . . Part Schematics Acquired . | . . . . Parts Built . | . . . . Authchips . | . . . . Time . | . . . . Total Part Build Rating . | . . . . Parts Repaired 1 | . . 1 . Time 26 | . . 26 . Parts Recycled 2 | . 2 . . Recycled Matter 5 | . 5 . . Retrieved Matter . | . . . . Retrieved Components . | . . . . Parts Scanalyzed . | . . . . Part Schematics Acquired . | . . . . Parts Damaged . | . . . . Bothacking | -11 -10 -9 -9 ------------ Run | Yrd Mat Mat Min Used RIF Installer . | . . . . Robots Hacked . | . . . . Non-combat . | . . . . Combat . | . . . . Robot Hacks Applied . | . . . . Relay Couplers Released . | . . . . Fabnet Peak Effective % . | . . . . Robots Rewired . | . . . . Allies Hacked . | . . . . Hacks Repelled . | . . . . Allies | -11 -10 -9 -9 -------- Run | Yrd Mat Mat Min Total Allies . | . . . . Largest Group . | . . . . Highest-Rated Group . | . . . . Highest-Rated Ally . | . . . . Total Orders . | . . . . Ally Attacks . | . . . . Total Damage . | . . . . Kills . | . . . . Allies Corrupted . | . . . . Allies Melted . | . . . . Intel | -11 -10 -9 -9 ------- Run | Yrd Mat Mat Min Active Infowar (turns) . | . . . . Robot Analysis Total . | . . . . Derelict Logs Recovered . | . . . . Drone Launches . | . . . . Drone Recoveries . | . . . . Exploration | -11 -10 -9 -9 ------------- Run | Yrd Mat Mat Min Turns Passed 581 | 69 164 311 37 Spaces Moved 362 | 39 104 201 18 Core 9 | 8 . . 1 Treads . | . . . . Legs . | . . . . Wheels 353 | 31 104 201 17 Hover . | . . . . Flight . | . . . . Fastest Speed 50 | 50 80 86 86 Average Speed 88 | 73 81 93 111 Slowest Speed 500 | 80 95 101 500 Overloaded Moves . | . . . . Propulsion Burnouts . | . . . . Robots Hopped . | . . . . Potential Cave-ins . | . . . . Cave-ins Triggered . | . . . . Exploration Rate (%) 16 | 4 23 29 10 Regions Visited 3 Branch Regions 1 Pre-discovered Areas . | . . . . Known Exits Taken . | . . . . Unknown Exits Taken 3 | 1 1 1 . Scrap Searched . | . . . . Spaces Dug . | . . . . Terrain Destroyed 22 | . . 22 . Melee . | . . . . Projectile . | . . . . AOE 22 | . . 22 . Terrain Rammed . | . . . . Walls Destroyed . | . . . . Machines Disabled . | . . . . Actions | -11 -10 -9 -9 --------- Run | Yrd Mat Mat Min Total 543 | 73 159 282 29 Wait 99 | 20 35 36 8 Move 359 | 38 103 200 18 Hop . | . . . . Pick Up 19 | 5 5 9 . Fast Attach 5 | 4 1 . . Attach 7 | 3 . 4 . Detach 1 | 1 . . . Swap 9 | . 3 6 . Drop 7 | . 1 6 . Fire 37 | 2 11 21 3 Melee . | . . . . Ram . | . . . . Kick . | . . . . Crush . | . . . . Escape Stasis . | . . . . Rewire . | . . . . Trap . | . . . . Miscellaneous . | . . . . Route ------- -11/Scrapyard -10/Materials -9/Materials -9/Mines History --------- Turn | Location | Event 47 | -11/Scrapyard | Discovered new exit (range 15) 70 | -11/Scrapyard | Entered Materials 214 | -10/Materials | Discovered new exit (range 16) 234 | -10/Materials | Entered another Materials area 234 | -9/Materials | Evolved 2 slots: Propulsion x1, Utility x1 285 | -9/Materials | Repaired Lgt. Cannon 307 | -9/Materials | Build established: Mutant 454 | -9/Materials | Discovered new exit (range 12) 490 | -9/Materials | Destroyed 8 combat bots 545 | -9/Materials | Entered Mines 546 | -9/Mines | Assembled infested the area 577 | -9/Mines | Core integrity fell below 50% 582 | -9/Mines | Core integrity fell below 20% 582 | -9/Mines | Destroyed by as-72607 with Assembled F-torch Last Messages --------------- U-05 Engineer lays Concrete. K-01 Serf collects debris. K-01 Serf cleans the Machine. U-05 Engineer lays Concrete. LOCATION=UNKNOWN GOAL=ESCAPE ALERT: Infestation in the mines, dispatching Demolisher response squad. K-01 Serf collects debris. System corrupted: Heat flow error (+138). Com. Wheel destroyed. System corrupted by crushing effect (+3). Wheel destroyed. as-37658 knocked back. Hvy. Assault Rifle destroyed. Wheel destroyed. System corrupted by crushing effect (+3). Knocked back. K-01 Serf collects debris. Lgt. Cannon destroyed. Ion Engine destroyed. Map ----- +----------------------------------------------------+ | ????????????????????????????????????????????????? | | ????????????????????????????????????????????????? | | ????????????????????????????????????????????????? | | ????????????????????????????????????????????????? | | ????????????????????????????????????????????????? | | ????????????????????????????????????????????????? | | ????????????????????????????????????????????????? | | ????????????????????????????????????????????????? | | ????????????????????????????????????????????????? | | ????????????????????????????????????????????????? | | ????????????????????????????????????????????????? | | ????????????????????????????????????????????????? | | ????????????????????????????????????????????????? | | ????????????????????????????????????????????????? | | ????????????????????????????????????????????????? | | ????????????????????????????????????????????????? | | ????????????????????????????????????????????????? | | ??????????????????????????####??????????????????? | | ?????????????????????????? #??????????????????? | | ?????????????????????????? #????????? #???????? | | ?????????##########???????# #??????? #???????? | | ????????## #???????# #????? #???????? | | ????????# ######### #??? #????????? | | ???????????????# ## %## #????????? | | ???????????????# ###### # a """??????????? | | ???????????????# #????## @a """??????????? | | ?????????????### ####??##aa """??????????? | | ?????????????# #???# #???????? | | ?????????????# #???## ##???????? | | ?????????????# #????## ##????????? | | ?????????????# #?????## ##?????????? | | ?????????????# #???????##########??????????? | | ?????????????########???????????????????????????? | | ????????????????????????????????????????????????? | | ????????????????????????????????????????????????? | | | | | | | | | | | | | | | | | | | | | | | | | | | | | | | +----------------------------------------------------+ Best States ------------- Heat Dissipation 28 Energy Generation 12 Energy Capacity 265 Matter Stores 300 Matter Capacity 300 Sight Range 16 Terrain Scan Density 10 Armor Coverage 150 Utility Shielding 33 Evasion (%) 44 Item Schematics ----------------- None Robot Schematics ------------------ None Fabricated ------------ Nothing Repaired ---------- Lgt. Cannon | 73% | -9/Materials Alien Tech Used ----------------- None Achievements -------------- None Challenges ------------ None Game ------ Seed PotentialSuperchargedClaws Manual? 0 Play Time 00:27:17 Cumulative 10.2 hours Start 2025.07.01 @ 20:17:14 End 2025.07.01 @ 20:53:09 Sessions 1 Manual Loads 0 Difficulty Rogue Special Mode None Game No. 14 Rogue 14 Adventurer 0 Explorer 0 Win Type - Total 0 Types 0/0/0/0/0/0/0/0/0/0 Lore% 4 Gallery% 12 Achievement% 12 Wizard Run 0 Options --------- Layout 0 ASCII 0 Keyboard 0 Movement Mouse Keybinds 0 Fullscreen 1 Font 24/Smallcaps Map View 56x25 Zoom Use 98% Tactical HUD 0 Map Filters NONE Filters NONE Steam 1 RUN: 70cb1818-311b-4421-848d-b6cc65999430